 Dungeon Crawl Stone Soup version 0.22.1-1-ga44c0e5 (webtiles) character file.

1662 harcile the Slasher (level 9, 0/78 HPs)
             Began as a Hill Orc Fighter on Oct 9, 2018.
             Was a Follower of Trog.
             Slain by a wight
             ... wielding a cursed +5 spear of freezing
              (1 damage)
             ... on level 6 of the Dungeon.
             The game lasted 00:20:02 (6333 turns).

harcile the Slasher (Hill Orc Fighter)              Turns: 6333, Time: 00:20:03

Health: 0/78       AC:  8    Str: 20    XL:     9   Next: 0%
Magic:  9/9        EV:  6    Int:  8    God:    Trog [*.....]
Gold:   249        SH:  7    Dex: 12    Spells: 8/8 levels left

rFire    . . .     SeeInvis .   C - +1 scimitar (curse)
rCold    . . .     Gourm    .   c - +0 shield
rNeg     . . .     Faith    .   b - +0 scale mail
rPois    .         Spirit   .   (no helmet)
rElec    .         Reflect  .   (no cloak)
rCorr    .         Harm     .   m - +1 pair of gloves
MR       .....                  (no boots)
Stlth    ..........             (no amulet)
HPRegen  0.23/turn              (no ring)
MPRegen  0.11/turn              (no ring)

@: extremely drained
A: no striking features
a: Berserk, Renounce Religion


You were on level 6 of the Dungeon.
You worshipped Trog.
Trog was aware of your devotion.
You were not hungry.

You visited 2 branches of the dungeon, and saw 8 of its levels.
You also visited: Sewer.

You collected 249 gold pieces.

Inventory:

Hand Weapons
 a - a +0 long sword
 x - a +0 hand crossbow
 C - a cursed +1 scimitar (weapon)
Missiles
 r - a throwing net (quivered)
 y - 37 bolts
Armour
 b - a +0 scale mail (worn)
 c - a +0 shield (worn)
 m - a +1 pair of gloves (worn)
Jewellery
 k - an uncursed amulet of faith
Wands
 s - a wand of paralysis (16)
 A - a wand of polymorph (21)
Scrolls
 e - a scroll of blinking
 i - 2 scrolls of fog
 j - 4 scrolls of magic mapping
 l - a scroll of noise {unknown}
 n - 4 scrolls of remove curse
 o - a scroll of holy word {unknown}
 p - 3 scrolls of fear {unknown}
 q - 3 scrolls of amnesia {unknown}
 u - a scroll of teleportation {unknown}
 D - 2 scrolls of enchant weapon {unknown}
 E - a scroll of immolation {unknown}
Potions
 d - 2 potions of might
 g - 3 potions of brilliance
 h - 4 potions of curing
 t - 2 potions of agility
 v - 4 potions of flight
 w - 2 potions of magic
 z - 2 potions of ambrosia {unknown}
 B - a potion of resistance {unknown}
Comestibles
 f - 6 rations


   Skills:
 + Level 6.4(0.8) Fighting
 + Level 7.8(2.0) Long Blades
 + Level 6.5(0.9) Armour
 + Level 2.1(0.0) Dodging
 + Level 0.4(0.0) Stealth
 + Level 5.9(0.4) Shields


You had 8 spell levels left.
You didn't know any spells.
Your spell library contained the following spells:

 Spells                   Type           Power        Failure   Level  Hunger
 Confusing Touch          Hex            #.....       100%        1    ##.....
 Confuse                  Hex            #.......     100%        3    ####...
 Gell's Gravitas          Tloc           #.........   100%        3    ####...
 Petrify                  Tmut/Erth      #.......     100%        4    #####..
 Metabolic Englaciation   Hex/Ice        #.........   100%        5    ######.
 Yara's Violent Unravell  Hex/Tmut       #.........   100%        5    ######.


Dungeon Overview and Level Annotations

Branches:
Dungeon (7/15)             Temple (1/1) D:5

Altars:
Ashenzari
Cheibriados
Dithmenos
Elyvilon
Fedhas
Gozag
Hepliaklqana
Kikubaaqudgha
Makhleb
Nemelex Xobeh
Okawaru
Qazlal
Ru
Sif Muna
Trog
Uskayaw
Vehumet
Wu Jian
Xom
Yredelemnul
Zin
The Shining One

Shops:
D:5 }=(=


Message History

The wight is heavily damaged.
You block the wight's attack. The wight hits you but does no damage.
You closely miss the wight.
The wight is heavily damaged.
The wight hits you with a spear of freezing.
* * * LOW HITPOINT WARNING * * *
You feel drained.
* * * LOW HITPOINT WARNING * * *
The wight freezes you.
* * * LOW HITPOINT WARNING * * *
You closely miss the wight.
The wight is heavily damaged.
The wight hits you with a spear of freezing!
* * * LOW HITPOINT WARNING * * *
The wight freezes you.
* * * LOW HITPOINT WARNING * * *
The wight hits you with a spear of freezing.
* * * LOW HITPOINT WARNING * * *
The wight freezes you.
You die...

###..###.......#(.....##.#
##................#######.#
#..#............### ##...#
..##.###...###### #..###
####.##....# ##.##
#.##.##.# ####..###
####....##.## #.......#
.....#......######.......#
.###.#.####....z@<)......#
## #...# ########.......# #
##### #.......# # #..(....#
#.......# #.......#
#########


You could see a wight.

Vanquished Creatures
  An ice beast (D:6)
  2 phantoms
  2 ogres (D:4)
  A centaur (D:5)
  4 big kobolds (Sewer)
  A wyvern skeleton (D:6)
  4 wights (D:6)
  2 crimson imps
  A centaur zombie (D:6)
  2 orc priests
  A hound (D:5)
  Terence (D:3)
  3 worker ants
  2 worker ant zombies
  3 gnolls (D:3)
  A howler monkey skeleton (D:4)
  10 adders
  2 shadow imps (D:5)
  2 oozes (D:4)
  7 worms
  3 dart slugs (D:2)
  8 leopard geckos
  19 orcs
  9 ball pythons
  9 giant cockroaches
  8 goblins
  4 hobgoblins (D:2)
  12 jackals
  2 quokkas (D:3)
  7 bats
  A frilled lizard (D:2)
  15 kobolds
  A leopard gecko zombie (D:6)
  A quokka skeleton (D:5)
  10 rats
161 creatures vanquished.

Notes
Turn   | Place    | Note
-------+----------+-------------------------------------------
     0 | D:1      | harcile the Hill Orc Fighter began the quest for the Orb.
     0 | D:1      | Reached XP level 1. HP: 19/19 MP: 1/1
   196 | D:1      | Reached XP level 2. HP: 16/27 MP: 2/2
   706 | D:1      | Reached XP level 3. HP: 32/33 MP: 3/3
   754 | D:2      | Found a basalt altar of Yredelemnul.
   791 | D:2      | Reached skill level 3 in Long Blades
  1113 | D:2      | Reached XP level 4. HP: 33/40 MP: 4/4
  1629 | D:3      | Noticed Terence
  1651 | D:3      | Killed Terence
  1651 | D:3      | Reached skill level 4 in Long Blades
  1651 | D:3      | Reached XP level 5. HP: 45/46 MP: 5/5
  1727 | D:3      | Found a faded altar of an unknown god.
  2234 | D:4      | Noticed a phantom
  2315 | D:4      | Killed a phantom
  2315 | D:4      | Reached XP level 6. HP: 31/53 MP: 6/6
  2531 | D:4      | Reached skill level 5 in Long Blades
  2771 | D:4      | Reached skill level 1 in Dodging
  2771 | D:4      | Reached skill level 5 in Shields
  2771 | D:4      | Reached XP level 7. HP: 60/60 MP: 7/7
  2898 | D:4      | Reached skill level 5 in Fighting
  3118 | D:4      | Reached skill level 5 in Armour
  3328 | D:5      | Entered Level 5 of the Dungeon
  3351 | D:5      | Found a glowing drain.
  3383 | Sewer    | Entered a sewer
  3658 | Sewer    | Reached skill level 6 in Long Blades
  3658 | Sewer    | Reached XP level 8. HP: 67/68 MP: 8/8
  3930 | D:5      | Found Ebikaf's Jewellery Shoppe.
  3984 | D:5      | Found Mowal's Jewellery Shop.
  4019 | D:5      | Found Xasos's Gadget Boutique.
  4071 | D:5      | Found Ozaivios's Weapon Shop.
  4314 | D:5      | Found a staircase to the Ecumenical Temple.
  4321 | Temple   | Entered the Ecumenical Temple
  4331 | Temple   | Became a worshipper of Trog the Wrathful
  4908 | D:6      | Reached skill level 7 in Long Blades
  4920 | D:6      | Found a shimmering altar of Xom.
  4921 | D:6      | Found a shimmering altar of Xom.
  4922 | D:6      | Found a shimmering altar of Xom.
  4922 | D:6      | Found a shimmering altar of Xom.
  4922 | D:6      | Found a shimmering altar of Xom.
  4923 | D:6      | Found a shimmering altar of Xom.
  5592 | D:6      | Reached * piety under Trog
  5994 | D:6      | HP: 3/71 [wight/spear of freezing (6)]
  6326 | D:6      | Reached XP level 9. HP: 61/78 MP: 9/9
  6333 | D:6      | HP: 1/78 [wight/spear of freezing (4)]
  6333 | D:6      | Slain by a wight

Skill      XL: |  1  2  3  4  5  6  7  8 |
---------------+-------------------------+-----
Fighting       | 4 5 6 |  6.4
Long Blades    | 3 4 5 6 7 |  7.8
Shields        | 4 5 |  5.9
Armour         | 4 5 6 |  6.5
Dodging        | 1 2 |  2.1
Stealth        | |  0.4

Action                   |  1- 3 |  4- 6 |  7- 9 || total
-------------------------+-------+-------+-------++-------
Melee: Long sword        |   129 |   264 |   390 ||   783
       Scimitar          |       |       |    27 ||    27
  Use: Scroll            |       |       |    10 ||    10
       Potion            |       |       |     6 ||     6
  Eat: Chunk             |     1 |     6 |     9 ||    16
       Ration            |       |       |     1 ||     1
Armor: Scale mail        |    88 |   121 |   126 ||   335
Dodge: Dodged            |    51 |    91 |   106 ||   248
Block: Shield            |    83 |   118 |   199 ||   400
       Rpst.: Long sword |    13 |    30 |    31 ||    74
       Scimitar          |       |       |     4 ||     4
